 Dungeon Crawl Stone Soup version 0.16-a0-2581-g6f3a107 (webtiles) character file.

107 Ratboiler the Slasher (level 4, -1/34 HPs)
             Began as a Vampire Fighter on Nov 21, 2014.
             Slain by a gnoll
             ... wielding a +0 halberd
              (5 damage)
             ... on level 2 of the Dungeon.
             The game lasted 00:04:33 (1341 turns).

Ratboiler the Slasher (Vampire Fighter)             Turns: 1341, Time: 00:04:34

Health: -1/34      AC:  6    Str: 15    XL:     4   Next: 56%
Magic:  4/4        EV:  4    Int: 10    God:
Gold:   32         SH:  0    Dex: 14    Spells: 0 memorised, 3 levels left

rFire  . . .     SeeInvis +     a - +0 long sword
rCold  . . .     Clarity  .     b - +0 scale mail
rNeg   . . .     SustAb   .     q - +2 buckler
rPois  .         Gourm    .     (no helmet)
rElec  .         Spirit   .     (no cloak)
rCorr  .         Warding  .     (no gloves)
rMut   .         Stasis   .     (no boots)
MR     .....                    (no amulet)
Stlth  ..........               (no ring)
                                (no ring)

@: held, regenerating very quickly, not resistant to hostile enchantments,
extremely unstealthy
A: bottle blood, fangs 3, see invisible, unbreathing
a: no special abilities


You were on level 2 of the Dungeon.
You were almost alive.

You visited 1 branch of the dungeon, and saw 2 of its levels.

You collected 32 gold pieces.

Inventory:

Hand weapons
 a - a +0 long sword (weapon)
Armour
 b - a +0 scale mail (worn)
 c - a +0 shield
 q - a +2 buckler (worn)
Scrolls
 f - a scroll of teleportation {unknown}
 g - a scroll of random uselessness {unknown}
 h - a scroll of magic mapping {unknown}
 i - a scroll of enchant armour {unknown}
 j - 2 scrolls of remove curse
 n - 3 scrolls of identify {unknown}
 o - a scroll of noise {unknown}
 r - a scroll of immolation {unknown}
Potions
 d - 5 potions of blood
 e - a potion of might
 l - a potion of curing {unknown}
 m - a potion of mutation {unknown}
 p - a potion of confusion {unknown}


   Skills:
 - Level 2.6 Fighting
 + Level 4.8 Long Blades
 - Level 2.4 Armour
 - Level 2.6 Shields


You had 3 spell levels left.
You didn't know any spells.

Dungeon Overview and Level Annotations

Branches:
Dungeon (2/15)

Altars:


Innate Abilities, Weirdness & Mutations

Your natural rate of healing is extremely fast.
You can bottle blood from corpses.
You have razor-sharp teeth.
You have supernaturally acute eyesight.
You can survive without breathing.


Message History

The gnoll is heavily wounded.
You block the gnoll's attack.
You hit the gnoll but do no damage.
The gnoll is heavily wounded.
The gnoll hits you from afar with a halberd!
* * * LOW HITPOINT WARNING * * *
The gnoll barely misses you.
The gnoll hits you from afar with a spear.
* * * LOW HITPOINT WARNING * * *
The gnoll throws a throwing net.
The throwing net hits you.
You become entangled in the net!
You see here a throwing net.
Drink which item? (? for menu, Esc to quit)
Okay, then.
Read which item? (? for menu, Esc to quit)
Okay, then.
Drink which item? (? for menu, Esc to quit)
You feel refreshed.
It was a potion of restore abilities.
The gnoll hits you from afar with a halberd.
You die...

▒▒··········▒··▒·······▒ ▒·▒ ▒·
▒▒····▒·▒▒···▒▒▒▒▒····▒▒▒·▒▒▒▒▒·
▒▒··▒·········▒▒▒▒···········(·
▒▒▒▒·▒··▒▒▒▒···▒▒······▒▒···)·
▒▒·▒▒·▒▒ ▒▒▒······▒··▒▒·▒▒▒▒
▒▒▒▒▒··▒▒··▒ ▒▒▒▒···▒·▒▒··▒
▒·····▒▒▒▒·▒▒▒▒▒▒▒▒·▒▒▒·▒··▒▒
▒·▒▒▒▒▒▒·········▒▒···▒···▒▒ ▒▒
▒▒·▒ ▒·▒▒····@·gg▒▒····▒▒ ▒· ···▒
▒▒·▒▒▒▒▒▒·%▒·······▒▒▒▒ ▒· ·▒▒▒
▒··▒ ▒▒·▒▒▒▒·······▒▒▒· ▒▒ ▒·▒▒
▒···▒▒%·········· ▒·▒
▒▒▒·····g·▒▒·▒▒·· ▒▒▒▒ ▒▒·▒
▒▒······▒······ ···▒▒▒▒··▒▒▒▒
▒▒▒·········▒▒
▒▒=·········▒▒▒▒▒▒▒▒▒▒···▒▒▒·▒··▒
▒··▒▒▒▒▒▒▒·[······)·······▒·▒▒··


You could see 2 gnolls.

Vanquished Creatures
  2 gnolls (D:2)
  3 adders
  A giant mite (D:1)
  3 giant cockroaches
  7 goblins
  6 hobgoblins
  4 jackals (D:1)
  10 kobolds
  A quokka (D:2)
  8 bats
  A giant gecko (D:2)
  A giant newt (D:1)
  6 rats
53 creatures vanquished.

Notes
Turn   | Place    | Note
--------------------------------------------------------------
     0 | D:1      | Ratboiler, the Vampire Fighter, began the quest for the Orb.
     0 | D:1      | Reached XP level 1. HP: 17/17 MP: 1/1
    41 | D:1      | Reached XP level 2. HP: 21/23 MP: 2/2
    43 | D:1      | Reached skill level 3 in Long Blades
   324 | D:1      | Reached XP level 3. HP: 28/28 MP: 3/3
   852 | D:1      | Reached skill level 4 in Long Blades
  1001 | D:2      | Reached XP level 4. HP: 34/34 MP: 4/4
  1341 | D:2      | Slain by a gnoll

Action                   |  1- 3 |  4- 6 || total
-------------------------+-------+-------++-------
Melee: Long sword        |   125 |    56 ||   181
  Use: Potion            |       |    10 ||    10
       Scroll            |       |     1 ||     1
